Map: 프리온 단구

Players

llllllllllll

  • Race: Protoss Protoss

TOP - Winner!

  • Race: Terran Terran

Event: Gauntlet LotV Series 1 Qualifier 1

VOD

Have the link to the VOD?

Description

Time

  • Played on: Nov. 22, 2015, 4:40 p.m.
  • Length: 16:37

All games in this series

Show
View Real Time Build Order
Export as new Build Order

llllllllllll Protoss 

Build Orders: Phoenix Opening 

Get SALT Encoding   

  12  0:01  Probe (Chrono Boost)  
  13  0:11  Probe (Chrono Boost)  
  14  0:19  Pylon  
  14  0:22  Probe (Chrono Boost)  
  15  0:37  Probe (Chrono Boost)  
  15  0:38  Gateway  
  16  0:46  Assimilator  
  16  0:48  Probe (Chrono Boost)  
  17  0:52  Assimilator  
  17  0:58  Probe (Chrono Boost)  
  18  1:06  Pylon  
  18  1:09  Probe (Chrono Boost)  
  19  1:19  Probe (Chrono Boost)  
  19  1:25  Cybernetics Core  
  20  1:30  Probe (Chrono Boost)  
  21  1:40  Probe (Chrono Boost)  
  22  1:59  Nexus  
  22  2:05  Mothership Core (Chrono Boost)  
  24  2:11  Adept  
  24  2:14  Warp Gate  
  26  2:23  Probe (Chrono Boost)  
  26  2:29  Stargate  
  27  2:34  Probe (Chrono Boost)  
  28  2:46  Probe (Chrono Boost), Pylon  
  29  2:52  Adept  
  31  3:04  Probe (Chrono Boost)  
  32  3:12  Probe (Chrono Boost)  
  33  3:14  Phoenix  
  33  3:15  Probe (Chrono Boost)  
  34  3:20  Robotics Facility  
  35  3:27  Probe x2 (Chrono Boost)  
  36  3:36  Gateway  
  36  3:37  Probe (Chrono Boost)  
  37  3:41  Probe (Chrono Boost)  
  37  3:46  Phoenix  
  40  3:50  Probe (Chrono Boost)  
  40  3:53  Probe (Chrono Boost)  
  42  4:01  Probe (Chrono Boost)  
  43  4:03  Probe (Chrono Boost), Pylon  
  44  4:11  Observer, Phoenix  
  44  4:15  Probe x2 (Chrono Boost)  
  49  4:20  Gateway  
  49  4:28  Adept  
  49  4:30  Probe x2 (Chrono Boost)  
  53  4:34  Adept  
  53  4:36  Phoenix  
  57  4:41  Probe x2 (Chrono Boost)  
  59  4:49  Pylon, Assimilator  
  59  4:51  Probe x2 (Chrono Boost)  
  59  5:00  Adept  
  59  5:02  Probe (Chrono Boost)  
  62  5:07  Probe (Chrono Boost)  
  62  5:11  Immortal  
  62  5:12  Probe (Chrono Boost)  
  68  5:16  Phoenix  
  70  5:29  Pylon  
  70  5:35  Pylon  
  70  5:37  Pylon  
  70  5:47  Probe x2 (Chrono Boost)  
  67  5:58  Probe x2 (Chrono Boost)  
  67  6:00  Phoenix  
  71  6:09  Probe (Chrono Boost)  
  72  6:11  Nexus  
  72  6:15  Immortal, Pylon  
  72  6:17  Pylon  
  74  6:23  Probe (Chrono Boost)  
  75  6:27  Sentry  
  75  6:32  Probe (Chrono Boost)  
  78  6:33  Probe (Chrono Boost)  
  78  6:38  Twilight Council  
  79  6:41  Assimilator  
  79  6:45  Forge  
  79  6:47  Probe x2 (Chrono Boost)  
  85  6:54  Immortal  
  85  6:58  Probe x2 (Chrono Boost)  
  85  6:59  Gateway  
  87  7:01  Gateway  
  87  7:04  Adept x3  
  94  7:08  Probe x2 (Chrono Boost)  
  95  7:18  Resonating Glaives  
  95  7:19  Probe (Chrono Boost), Protoss Ground Armor Level 1  
  96  7:29  Templar Archives  
  96  7:36  Immortal  
  100  7:37  Gateway  
  100  7:40  Pylon  
  100  7:42  Adept  
  100  7:43  Adept  
  100  7:44  Probe (Chrono Boost)  
  105  7:45  Phoenix  
  105  8:09  Assimilator  
  105  8:10  Phoenix  
  105  8:11  Pylon  
  105  8:12  Adept x4, Assimilator  
  113  8:13  Adept  
  113  8:15  Immortal (Chrono Boost)  
  114  8:39  Adept x3  
  114  8:40  Adept  
  116  8:56  Psionic Storm, Nexus, Adept  
  118  9:09  Adept  
  112  9:32  Pylon  
  112  9:35  Pylon  
  112  9:36  Pylon x2  
  112  9:44  Robotics Facility  
  112  9:46  Pylon  
  112  9:48  Probe x2  
  112  9:50  Phoenix  
  112  9:51  High Templar  
  118  9:56  Gateway  
  118  9:58  Mothership Core, High Templar x2  
  118  9:59  Gateway  
  122  10:03  Gateway, Pylon  
  124  10:08  Probe  
  124  10:09  Probe  
  126  10:17  Probe  
  126  10:19  Probe  
  128  10:21  High Templar  
  128  10:22  High Templar, Assimilator  
  132  10:37  Adept x3  
  134  10:50  Phoenix  
  134  10:55  Pylon  
  132  11:03  Adept  
  132  11:04  Adept x4  
  138  11:09  Nexus  
  142  11:11  Pylon  
  142  11:13  Pylon  
  142  11:15  Phoenix  
  144  11:21  Adept x2  
  144  11:22  Adept  
  150  11:30  Pylon  
  150  11:34  Pylon  
  150  11:35  Stalker x5  
  150  11:38  Immortal (Chrono Boost)  
  164  11:40  Phoenix (Chrono Boost)  
  166  11:53  Stargate  
  166  11:54  Assimilator  
  166  11:55  Stargate  
  166  11:56  Assimilator  
  166  11:58  Pylon  
  166  12:05  Phoenix (Chrono Boost)  
  159  12:19  Stalker x2  
  159  12:20  Stalker x2  
  167  12:27  Phoenix (Chrono Boost)  
  169  12:41  Phoenix (Chrono Boost)  
  169  12:42  Phoenix (Chrono Boost)  
  173  12:49  Phoenix (Chrono Boost)  
  175  12:57  Adept  
  175  12:58  Adept x6  
  177  13:06  Phoenix (Chrono Boost)  
  177  13:07  Phoenix (Chrono Boost)  
  177  13:10  Phoenix (Chrono Boost)  
  169  13:14  Archon  
  169  13:15  Archon  
  169  13:18  Adept  
  169  13:19  Adept x7  
  100  13:28  Probe x2  
  100  13:29  Probe  
  81  13:36  Phoenix (Chrono Boost)  
  81  13:38  Probe  
  81  13:39  Phoenix (Chrono Boost)  
  81  13:40  Phoenix (Chrono Boost)  
  92  13:41  Probe  
  92  13:44  Observer  
  92  13:48  Nexus  
  90  13:49  High Templar  
  90  13:51  High Templar  
  90  13:55  Probe x2  
  94  13:56  Probe  
  97  14:06  Adept x3  
  97  14:07  Adept  
  105  14:20  Stalker x2  
  109  14:30  Stalker x3  
  115  14:32  Sentry  
  115  14:45  Adept x4  
Show
View Real Time Build Order
Export as new Build Order

TOP Terran - Winner!

Build Orders: MMM Bio 

Get SALT Encoding   

  12  0:01  SCV  
  13  0:13  SCV  
  14  0:19  Supply Depot  
  14  0:25  SCV  
  15  0:41  SCV  
  15  0:42  Barracks  
  16  0:44  Refinery  
  16  0:53  SCV  
  17  1:05  SCV  
  18  1:17  SCV  
  19  1:29  Orbital Command  
  19  1:30  Barracks Reactor  
  19  1:41  Command Center  
  19  1:50  Supply Depot  
  19  1:55  SCV  
  20  2:08  SCV, Marine x2  
  23  2:16  Factory  
  23  2:20  SCV  
  24  2:25  Marine x2  
  26  2:32  SCV  
  27  2:37  Refinery  
  27  2:43  Marine x2  
  29  2:44  SCV  
  30  2:53  Orbital Command  
  30  2:56  SCV  
  31  3:01  Starport, Widow Mine  
  33  3:07  Marine  
  33  3:08  Marine  
  33  3:09  SCV  
  35  3:20  SCV  
  35  3:21  SCV  
  35  3:25  Marine x2  
  35  3:26  Engineering Bay  
  39  3:32  Supply Depot  
  39  3:34  Widow Mine  
  39  3:40  Medivac  
  43  3:43  SCV  
  43  3:44  Marine  
  43  3:48  Marine  
  46  3:55  Missile Turret  
  46  3:56  SCV x2  
  46  4:02  Marine  
  49  4:05  Marine  
  49  4:09  Supply Depot  
  50  4:14  Widow Mine  
  52  4:18  Medivac  
  54  4:27  Supply Depot  
  54  4:30  Marine x2  
  56  4:31  SCV  
  56  4:35  SCV  
  58  4:41  Command Center  
  58  4:45  Widow Mine  
  60  4:55  SCV  
  60  4:57  SCV  
  60  5:07  Barracks  
  60  5:09  SCV x2, Barracks  
  60  5:15  Starport Reactor  
  60  5:16  Factory Tech Lab, Barracks Tech Lab  
  60  5:21  SCV x2  
  59  5:22  Terran Infantry Weapons Level 1  
  59  5:25  Supply Depot, Refinery  
  59  5:26  Refinery  
  60  5:33  SCV x2  
  60  5:35  Supply Depot  
  62  5:41  Missile Turret  
  60  5:43  Factory Reactor  
  60  5:45  SCV x2  
  60  5:57  SCV x2  
  63  6:04  Marauder  
  63  6:05  Medivac x2  
  63  6:08  Barracks  
  63  6:09  SCV  
  63  6:10  Barracks  
  68  6:12  SCV  
  68  6:14  Marauder  
  68  6:15  Marine x2  
  69  6:21  SCV, Orbital Command  
  69  6:24  SCV  
  71  6:26  Widow Mine x2  
  71  6:31  Combat Shields, Stimpack  
  75  6:33  SCV  
  76  6:40  Bunker  
  76  6:42  Marauder x2, Marine  
  76  6:43  Marine  
  82  6:54  Missile Turret, Medivac  
  82  6:56  Medivac  
  82  6:57  Barracks Reactor, Barracks Tech Lab  
  82  7:00  Marine  
  87  7:02  Marine  
  87  7:04  Supply Depot, Marine x2  
  89  7:14  Orbital Command  
  89  7:17  Marine  
  89  7:19  Marine  
  89  7:22  Marine x3  
  93  7:24  Widow Mine  
  96  7:33  Marine  
  96  7:34  Medivac x2  
  96  7:35  Marine, Widow Mine  
  104  7:37  Marine  
  104  7:39  SCV x2  
  104  7:40  Supply Depot, Marauder  
  104  7:41  Terran Infantry Armor Level 1  
  108  7:44  SCV  
  109  7:54  Missile Turret  
  109  7:55  SCV  
  109  7:56  Marine  
  109  7:59  SCV  
  109  8:02  SCV, Marauder x2  
  114  8:08  SCV  
  114  8:11  SCV  
  116  8:14  Marine  
  117  8:25  Marine  
  117  8:26  SCV  
  117  8:41  Supply Depot  
  117  8:42  SCV, Supply Depot  
  117  8:43  Marine x2  
  117  8:44  SCV x2, Marauder x2  
  117  8:45  Marine  
  117  8:46  Liberator, Marauder  
  117  8:47  Liberator  
  124  8:53  Widow Mine, Marine  
  125  9:00  Barracks x2  
  125  9:01  Missile Turret  
  125  9:03  SCV x3, Widow Mine, Missile Turret, Marine  
  125  9:05  Marauder, Marine  
  125  9:09  Marine  
  141  9:16  Marine  
  141  9:17  Supply Depot  
  141  9:18  SCV  
  141  9:28  Marauder  
  141  9:31  Supply Depot  
  141  9:32  Armory  
  141  9:33  Supply Depot  
  141  9:34  Engineering Bay  
  141  9:36  Liberator  
  141  9:39  SCV x2, Marauder x2, Marine x4  
  141  9:41  SCV  
  148  9:46  Starport, Factory Reactor  
  148  9:53  Supply Depot, Marauder, Medivac  
  148  9:54  Barracks Tech Lab  
  148  9:55  Supply Depot, Barracks Tech Lab  
  148  9:57  Marine  
  156  10:01  Marauder  
  156  10:06  Liberator  
  155  10:08  Liberator  
  155  10:09  Marauder, Marine x2  
  159  10:15  Supply Depot  
  159  10:19  Supply Depot, Refinery, Terran Infantry Weapons Level 2, Terran Infantry Armor Level 2  
  159  10:20  Refinery  
  159  10:21  Marine x2  
  159  10:22  Marauder x2  
  159  10:24  Command Center  
  165  10:39  Marine  
  165  10:40  Marauder x2, Liberator, Marine  
  171  10:48  Marine x2  
  171  10:49  Marauder x2, Marine  
  170  10:57  Marine  
  170  10:58  Marine  
  170  11:02  Marauder x2  
  179  11:06  Ghost Academy, Marine x2  
  179  11:07  Marauder  
  179  11:10  Marauder, Marine  
  186  11:15  Widow Mine x2, Marine x2  
  185  11:22  Terran Ship Weapons Level 1  
  185  11:46  Ghost x4  
  185  11:47  Marine  
  185  11:48  Marauder, Marine  
  185  11:50  Marine x2  
  185  11:51  Missile Turret, Liberator  
  200  12:43  Marine x2  
  200  12:44  Marauder x2  
  193  13:07  Marauder, Marine  
  196  13:18  Marine x2  
  196  13:19  Marine, Marauder x2  
  160  13:20  Marauder, Marine  
  160  13:25  Marine  
  131  13:29  Marauder  
  131  13:31  Medivac  
  131  13:32  Medivac x3  
  118  13:35  Planetary Fortress  
  118  13:36  Marine x2  
  118  13:37  Marine  
  118  13:38  Marauder  
  118  13:40  Marauder x2  
  120  13:41  Marauder  
  120  13:42  Marine  
  121  13:50  Marauder, Widow Mine x2  
  121  13:54  Marine x2  
  121  13:55  Terran Infantry Weapons Level 3, Marine  
  129  13:57  Terran Infantry Armor Level 3  
  129  13:59  Marauder  
  129  14:00  Marine  
  129  14:01  Marauder, Orbital Command, Refinery, Medivac  
  129  14:02  Marine, Refinery, Marauder  
  139  14:05  Missile Turret  
  139  14:07  Liberator  
  139  14:08  Liberator x2  
  140  14:11  Concussive Shells, Marine  
  140  14:12  Marine x2  
  140  14:13  Marine  
  144  14:18  Marine  
  144  14:21  Marauder x2  
  144  14:23  Marauder, Marine  
  150  14:29  Marine x2  
  150  14:30  Marine  
  150  14:31  Marine  
  163  14:36  Marine  
  155  14:41  Marine, Marauder  
  155  14:42  Marine  
  155  14:44  Marine  
  148  14:47  Marine x2  
  148  14:48  Marine  
  148  14:49  Marine  
  140  14:54  Marine  
  141  15:00  Marauder x2  
  141  15:02  Marauder x2  
  141  15:05  Marine, Marauder, Liberator x4  
  141  15:06  Marine x2  
  152  15:12  Marine  
  155  15:21  Marauder x2  
  155  15:23  Marauder, Marine  
  155  15:24  Marine x2, Marauder  
  155  15:26  Marauder  
  178  15:29  Marine  
  179  15:41  Marine  
  179  15:42  Marine x2  
  186  15:47  Marine  
  186  15:48  Marauder  
  192  16:02  Widow Mine  
  187  16:05  Marine, Medivac x3  
  187  16:06  Marauder, Marine  
Tags
 
Add a new tag
Caveats
  • Supply blocks, unpowered buildings, or Contaminate may cause inaccurate times.
  • Supply counts are checked every 10 seconds.